 Dungeon Crawl Stone Soup version 0.17-a0-968-gf8e1f1d (webtiles) character file.

323 Gorice the Skirmisher (level 6, -4/44 HPs)
             Began as a Gargoyle Wanderer on May 8, 2015.
             Slain by an iguana (6 damage)
             ... on level 5 of the Dungeon on May 9, 2015.
             The game lasted 00:23:14 (3679 turns).

Gorice the Skirmisher (Gargoyle Wanderer)           Turns: 3679, Time: 00:23:15

Health: -4/44      AC: 17    Str: 17    XL:     6   Next: 47%
Magic:  6/6        EV:  5    Int: 14    God:
Gold:   210        SH:  0    Dex:  8    Spells: 0 memorised, 5 levels left

rFire  . . .     SeeInvis .     u - -3 dagger (curse)
rCold  . . .     Clarity  +     w - +1 plate armour
rNeg   + . .     SustAb   .     (no shield)
rPois  ∞         Gourm    .     (no helmet)
rElec  +         Spirit   .     J - +0 cloak
rCorr  .         Warding  .     (no gloves)
rMut   .         Stasis   .     (no boots)
MR     .....                    A - amulet of clarity
Stlth  ..........               (no ring)
                                (no ring)

@: not resistant to hostile enchantments, extremely unstealthy
A: negative energy resistance 1, electricity resistance, unbreathing,
petrification resistance, rot immunity, AC +4
a: no special abilities


You were on level 5 of the Dungeon.
You were not hungry.

You visited 2 branches of the dungeon, and saw 6 of its levels.

You collected 210 gold pieces.

Inventory:

Hand weapons
 a - a +2 spear
 b - a +0 hunting sling
 u - a cursed -3 dagger (weapon)
 B - a +0 blowgun
 H - a +0 flail
Missiles
 q - 16 sling bullets
 y - 6 javelins (quivered)
 F - 7 poisoned needles
 G - 6 tomahawks
 K - 2 curare-tipped needles
 Z - 60 stones
Armour
 w - a +1 plate armour (worn)
 J - a +0 cloak (worn)
Jewellery
 n - an uncursed amulet of faith {!P}
 z - an uncursed amulet of resist mutation
 A - an amulet of clarity (around neck)
 D - an uncursed ring of fire
 E - an uncursed ring of fire
Magical devices
 c - a wand of slowing (11)
Scrolls
 g - 2 scrolls of amnesia
 v - a scroll of noise {!r}
 x - 4 scrolls of teleportation {!r}
 I - a scroll of magic mapping {!r}
Potions
 f - a potion of brilliance {!q}
 h - a potion of haste {unknown}
 k - 2 potions of curing
 l - a potion of flight {unknown}
 r - a potion of degeneration {unknown}
Books
 C - a book of Frost
Comestibles
 e - 3 bread rations {!e}
 p - 2 slices of pizza
 s - a chunk of flesh
 t - a meat ration {!e}


   Skills:
 * Level 7.7 Fighting
 - Level 1.0 Throwing
 + Level 3.1 Armour
 - Level 1.0 Dodging
 - Level 3.2 Stealth


You had 5 spell levels left.
You didn't know any spells.

Dungeon Overview and Level Annotations

Branches:
Dungeon (5/15)             Temple (1/1) D:4

Altars:
Ashenzari
Elyvilon
Gozag
Nemelex Xobeh
Trog
Vehumet
Xom
Zin
The Shining One

Annotations:
D:4 pUX


Innate Abilities, Weirdness & Mutations

You are resistant to torment.
Your stone body is resilient (AC +4).
You are immune to poison.
You resist negative energy.
You are resistant to electric shocks.
You can survive without breathing.
You are immune to petrification.
You are immune to rotting.


Message History

The iguana bites you but does no damage.
You hit the iguana but do no damage.
The iguana is severely wounded.
The iguana bites you.
Damage: 1 (max 8)
You closely miss the iguana.
The iguana is severely wounded.
The iguana bites you but does no damage.
Your plate armour prevents you from hitting the iguana.
The iguana is severely wounded.
The iguana barely misses you.
Your plate armour prevents you from hitting the iguana.
The iguana is severely wounded.
The iguana barely misses you.
Your plate armour prevents you from hitting the iguana.
The iguana is severely wounded.
The iguana barely misses you.
You barely miss the iguana.
The iguana is severely wounded.
The iguana bites you but does no damage.
You hit the iguana but do no damage.
The iguana is severely wounded.
The iguana bites you but does no damage.
Your plate armour prevents you from hitting the iguana.
The iguana is severely wounded.
The iguana bites you but does no damage.
You closely miss the iguana.
The iguana is severely wounded.
You hear the slow rusting of a distant drain.
The iguana bites you but does no damage.
You hit the iguana but do no damage.
The iguana is severely wounded.
The iguana bites you but does no damage.
You hit the iguana but do no damage.
The iguana is severely wounded.
The iguana bites you.
* * * LOW HITPOINT WARNING * * *
Damage: 5 (max 8)
Your plate armour prevents you from hitting the iguana.
The iguana is severely wounded.
The iguana bites you!
* * * LOW HITPOINT WARNING * * *
Damage: 8 (max 8)
You completely miss the iguana.
The iguana is severely wounded.
The iguana bites you but does no damage.
You hit the iguana but do no damage.
The iguana is severely wounded.
The iguana bites you.
You die...

#!.....#
+......#
#......+
#......#
#......#
+......#
#......+
#....@<#
#....l.#
+...?..#
#......+
#......#
#.......
+.......
#........


You could see an iguana.

Vanquished Creatures
  2 hounds (D:4)
  Crazy Yiuf (D:3)
  Ijyb (D:2)
  An orc wizard (D:4)
  An orc priest (D:4)
  A hound skeleton (D:4)
  3 adders
  An ooze (D:3)
  2 worms
  2 giant geckos
  3 orcs
  A ball python (D:2)
  16 goblins
  6 hobgoblins
  3 jackals (D:2)
  11 kobolds
  2 quokkas (D:2)
  6 bats
  4 giant newts
  A jackal skeleton (D:4)
  42 rats
110 creatures vanquished.

Notes
Turn   | Place    | Note
--------------------------------------------------------------
     0 | D:1      | Gorice, the Gargoyle Wanderer, began the quest for the Orb.
     0 | D:1      | Gorice set off with: a +2 spear, 2 potions of curing, a +0 robe, a +0 dagger, a bread ration {!e}
     0 | D:1      | Reached XP level 1. HP: 16/16 MP: 1/1
   226 | D:1      | Reached XP level 2. HP: 13/20 MP: 2/2
   366 | D:1      | Reached skill level 5 in Fighting
   956 | D:2      | Reached XP level 3. HP: 19/26 MP: 3/3
   978 | D:2      | HP: 6/26 [quokka (2)]
  1646 | D:2      | Reached skill level 6 in Fighting
  1646 | D:2      | Reached XP level 4. HP: 32/32 MP: 4/4
  2076 | D:2      | Noticed Ijyb
  2108 | D:2      | Killed Ijyb
  2325 | D:3      | Found a white marble altar of Elyvilon.
  2341 | D:3      | Reached XP level 5. HP: 37/37 MP: 5/5
  2401 | D:3      | Upgraded the game from 0.17-a0-963-gaa5423c to 0.17-a0-968-gf8e1f1d
  2647 | D:3      | Found a radiant altar of Vehumet.
  2720 | D:3      | Found an opulent altar of Gozag.
  3025 | D:3      | Noticed Crazy Yiuf
  3042 | D:3      | Killed Crazy Yiuf
  3042 | D:3      | Reached skill level 2 in Armour
  3200 | D:4      | Reached skill level 7 in Fighting
  3276 | D:4      | Reached XP level 6. HP: 33/44 MP: 6/6
  3356 | D:4      | Found a staircase to the Ecumenical Temple.
  3392 | D:4      | Reached skill level 3 in Armour
  3441 | Temple   | Entered the Ecumenical Temple
  3602 | D:4      | Noticed an orc warrior
  3624 | D:5      | Entered Level 5 of the Dungeon
  3648 | D:5      | HP: 12/44 [iguana (8)]
  3676 | D:5      | HP: 10/44 [iguana (5)]
  3677 | D:5      | HP: 2/44 [iguana (8)]
  3679 | D:5      | Slain by an iguana

Action                   |  1- 3 |  4- 6 || total
-------------------------+-------+-------++-------
Melee: Spear             |   106 |   259 ||   365
       Dagger            |       |    56 ||    56
 Fire: Hunting sling     |    19 |    15 ||    34
       Blowgun           |       |     7 ||     7
  Use: Scroll            |     4 |     7 ||    11
       Potion            |     1 |       ||     1
 Stab: Sleeping          |     3 |       ||     3
  Eat: Chunk             |     2 |     7 ||     9

Table legend:
 A = Turns spent in this place as a percentage of turns spent in the entire game.
 B = Non-inter-level travel turns spent in this place as a percentage of non-inter-level travel turns spent in the entire game.
 C = Inter-level travel turns spent in this place as a percentage of turns spent in this place.
 D = Turns resting spent in this place as a percentage of non-inter-level travel turns spent in this place.
 E = Turns spent auto-exploring this place as a percentage of non-inter-level travel turns spent in this place.
 F = Non-inter-level travel turns spent in this place divided by the number of levels of this place that you've seen.
                   A       B       C       D       E      F
               +-------+-------+-------+-------+-------+----------------------
         Total | 100.0 | 100.0 |   0.4 |   0.8 |   5.5 | 255.8
       Dungeon |  98.9 |  98.9 |   0.4 |   0.8 |   5.1 | 303.6
        Temple |   1.1 |   1.1 |   0.0 |   0.0 |  41.2 |  17.0
               +-------+-------+-------+-------+-------+----------------------

Vault maps used:
D:1:      dpeg_arrival_stonehenge_12_columns, serial_park_tiny_pond, st_stairs_7
D:2:      kennysheep_the_goblin_king, minmay_rats_cheesy_pizza
D:3:      lemuel_round_altar, elyvilon_altar_5,
          nicolae_gozag_cash_rules_everything_around_me, uniq_crazy_yiuf_cottage
D:4:      minmay_temple_entry_large_hall, first_bread
D:5:      grunt_temple_overflow_growth_and_decay, gup_sewer_entry_bowl,
          hangedman_decor_slide_cut, uniq_prince_ribbit1
Temple:   temple_of_Zot_ovaries
